 Dungeon Crawl Stone Soup version 0.29.1 (webtiles) character file.

Game seed: 14736738190434934345

38371 groovy9 the Grappler (level 13, -2/165 HPs)
             Began as a Troll Fighter on Sept 12, 2022.
             Was an Elder of Wu Jian.
             Slain by a moth of wrath (7 damage)
             ... on level 1 of the Spider Nest.
             The game lasted 01:11:46 (14586 turns).

groovy9 the Grappler (Troll Fighter)               Turns: 14586, Time: 01:11:47

Health: -2/165     AC:  7    Str: 33    XL:     13   Next: 63%
Magic:  18/18      EV:  8    Int:  8    God:    Wu Jian [****..]
Gold:   299        SH:  0    Dex:  9    Spells: 8/20 levels left

rFire   + . .      SeeInvis +     - Unarmed
rCold   . . .      Faith    .   b - +1 kite shield
rNeg    . . .      Spirit   .   I - +0 troll leather armour
rPois   +          Reflect  +   (helmet restricted)
rElec   +          Harm     .   p - +0 cloak
rCorr   +          Rampage  .   (gloves unavailable)
Will    .....                   (boots unavailable)
Stlth   ..........              d - amulet of reflection
HPRegen 1.97/turn               O - ring "Yxzoempo" {rPois rF+ Str+6}
MPRegen 0.16/turn               V - ring "Capoonuv" {rElec Will- rCorr Slay+2 SInv}

@: confused, berserking (expiring), very quick
A: large, unfitting armour, claws 3, regeneration 1, shaggy fur 1, tough skin 1
a: Renounce Religion, Wall Jump, Serpent's Lash


You were on level 1 of the Spider Nest.
You worshipped Wu Jian.
Wu Jian was greatly pleased with you.
You visited 4 branches of the dungeon, and saw 18 of its levels.
You also visited: Trove.

You collected 1426 gold pieces.
You spent 1127 gold pieces at shops.

Inventory:

Missiles
 w - a silver javelin
 y - 5 atropa-tipped darts (quivered)
 F - 5 curare-tipped darts
Armour
 b - a +1 kite shield (worn)
 p - a +0 cloak (worn)
 I - a +0 troll leather armour (worn)
Jewellery
 c - a ring of flight
 d - an amulet of reflection (around neck)
 O - the ring "Yxzoempo" (left claw) {rPois rF+ Str+6}
   (You found it in a treasure trove)

   [ring of strength]

   Str:       It affects your strength (+6).
   rF:        It protects you from fire.
   rPois:     It protects you from poison.
 P - the ring "Susecaot" {Ice Fly rPois rN+ Dex+2}
   (You found it in a treasure trove)

   [ring of ice]

   It enhances your ice magic.
   Dex:       It affects your dexterity (+2).
   rF:        It makes you vulnerable to fire.
   rC:        It protects you from cold.
   rPois:     It protects you from poison.
   rN:        It protects you from negative energy.
   Fly:       It grants you flight.
 Q - the ring of Moderation {Str+4 Dex+6}
   (You found it in a treasure trove)

   [ring of dexterity]

   Str:       It affects your strength (+4).
   Dex:       It affects your dexterity (+6).
 R - the ring "Xoateor" {Str+3 Int+6}
   (You found it in a treasure trove)

   [ring of intelligence]

   Str:       It affects your strength (+3).
   Int:       It affects your intelligence (+6).
 T - the ring "Xiro" {Fire Will- Int+5}
   (You found it in a treasure trove)

   [ring of fire]

   It enhances your fire magic.
   Int:       It affects your intelligence (+5).
   rF:        It protects you from fire.
   rC:        It makes you vulnerable to cold.
   Will:      It decreases your willpower.
 V - the ring "Capoonuv" (right claw) {rElec Will- rCorr Slay+2 SInv}
   (You found it in a treasure trove)

   [ring of resist corrosion]

   Slay:      It affects your accuracy & damage with ranged weapons and melee
   (+2).
   rElec:     It insulates you from electricity.
   SInv:      It lets you see invisible.
   rCorr:     It protects you from acid and corrosion.
   Will:      It decreases your willpower.
Wands
 s - a wand of light (3)
 z - a wand of digging (6)
 B - a wand of paralysis (12)
 G - a wand of roots (4)
 H - a wand of flame (19)
 K - a wand of mindburst (7)
Scrolls
 h - 2 scrolls of fear
 k - 4 scrolls of summoning
 n - 5 scrolls of teleportation
 q - 3 scrolls of blinking
 t - 4 scrolls of enchant armour
 C - 2 scrolls of fog
 D - 3 scrolls of silence
 E - a scroll of amnesia
 J - a scroll of poison
Potions
 a - 3 potions of magic
 e - 9 potions of curing
 f - 2 potions of brilliance
 g - 3 potions of lignification
 j - a potion of haste
 l - 3 potions of cancellation
 m - a potion of resistance {unknown}
 o - 4 potions of flight
 r - 7 potions of degeneration
 u - 2 potions of attraction
 v - 2 potions of heal wounds
 A - a potion of ambrosia {unknown}
 L - a potion of mutation {unknown}
Miscellaneous
 x - a tin of tremorstones (2/2)


   Skills:
 + Level 2.4 Fighting
 - Level 9.0 Throwing
 + Level 2.5 Dodging
 * Level 7.7 Shields
 + Level 13.9 Unarmed Combat
 - Level 4.0 Spellcasting
 + Level 7.4 Transmutations
 + Level 8.9 Earth Magic


You had 8 spell levels left.
You knew the following spells:

 Your Spells              Type           Power      Damage    Failure   Level
a - Petrify               Tmut/Erth      14%        N/A       22%         4
b - Wereblood             Tmut           13%        N/A       4%          2
c - Statue Form           Tmut/Erth      9%         N/A       98%         6

Your spell library contained the following spells:

 Spells                   Type           Power      Damage    Failure   Level
 Foxfire                  Conj/Fire      4%         2x1d4     54%         1
 Blade Hands              Tmut           6%         N/A       63%         5
 Blink                    Tloc           2%         N/A       67%         2
 Static Discharge         Conj/Air       1%         3-4/arc   67%         2
 Sublimation of Blood     Necr           1%         N/A       67%         2
 Conjure Flame            Conj/Fire      1%         6-21      88%         3
 Inner Flame              Hex/Fire       1%         N/A       88%         3
 Lesser Beckoning         Tloc           1%         N/A       88%         3
 Portal Projectile        Hex/Tloc       2%         N/A       88%         3
 Tukima's Dance           Hex            1%         N/A       88%         3
 Irradiate                Conj/Tmut      3%         3d12      98%         5
 Cause Fear               Hex            0%         N/A       99%         4
 Flame Wave               Conj/Fire      1%         2d4       99%         4
 Fireball                 Conj/Fire      0%         3d3       100%        5
 Lightning Bolt           Conj/Air       0%         1d11      100%        5
 Manifold Assault         Tloc           1%         N/A       100%        5
 Metabolic Englaciation   Hex/Ice        0%         N/A       100%        5
 Starburst                Conj/Fire      0%         6d3       100%        6
 Dragon Form              Tmut           6%         N/A       100%        7
 Storm Form               Tmut/Air       3%         N/A       100%        7
 Summon Hydra             Summ           0%         N/A       100%        7
 Ignition                 Fire           0%         3d3       100%        8
 Maxwell's Capacitive Co  Air            0%         ∞         100%        8
 Dragon's Call            Summ           0%         N/A       100%        9


Dungeon Overview and Level Annotations

Branches:
Dungeon (11/15)            Temple (1/1) D:7            Lair (5/5) D:9
 Shoals (0/4) Lair:3       Spider (1/4) Lair:3        Slime (0/5) Lair:5
    Orc: D:9-12

Altars:
Ashenzari
Cheibriados
Dithmenos
Elyvilon
Fedhas
Gozag
Hepliaklqana
Kikubaaqudgha
Makhleb
Nemelex Xobeh
Okawaru
Qazlal
Ru
Sif Muna
Trog
Uskayaw
Vehumet
Wu Jian
Xom
Yredelemnul
Zin
The Shining One
Jiyva

Shops:
D:1 (   D:3 (!(=   D:8 *

Annotations:
D:8 exclusion: obsidian statue
Lair:3 2 transporters, exclusion: oklob plant, ragingrage's ghost, journeyman MiBe


Innate Abilities, Weirdness & Mutations

You are too large for most types of armour.
You have claws for hands.
Your natural rate of healing is unusually fast.
You are covered in fur. (AC +1)
You have tough skin. (AC +1)


Message History

A red film seems to cover your vision as you go berserk!
You feel yourself moving faster!
You feel mighty!
You closely miss the moth of wrath.
The moth of wrath is heavily wounded.
The jumping spider leaps!
You claw the moth of wrath!
The moth of wrath is almost dead.
The moth of wrath goads the jumping spider on!
The jumping spider goes berserk!
The jumping spider pounces on you!! The jumping spider barely misses you.
You eviscerate the jumping spider!!!
The jumping spider is almost dead.
The jumping spider pounces on you!! The jumping spider barely misses you.
The jumping spider leaps!
The moth of wrath bites you.
You miss the jumping spider.
The jumping spider is severely wounded.
The jumping spider pounces on you but does no damage.
The jumping spider closely misses you. x2; The jumping spider bites you.
The moth of wrath closely misses you.
You completely miss the jumping spider.
The jumping spider is severely wounded.
The jumping spider pounces on you!
* * * LOW HITPOINT WARNING * * *
The jumping spider closely misses you.
The jumping spider leaps!
You're too confused to move!
The jumping spider pounces on you but does no damage.
The jumping spider completely misses you.
The jumping spider leaps!
The moth of wrath bites you!
* * * LOW HITPOINT WARNING * * *
You bump into the rock wall.
You feel a strong urge to attack something.
The jumping spider pounces on you!!
* * * LOW HITPOINT WARNING * * *
The jumping spider bites you.
* * * LOW HITPOINT WARNING * * *
The jumping spider pounces on you.
* * * LOW HITPOINT WARNING * * *
The jumping spider closely misses you.
The jumping spider leaps!
The moth of wrath bites you!
You die...

######
##..s@#
#<#.#y##
######B#
##sB#
#ss..
s.#..#
°# ss .#
#


You could see a moth of wrath, an orb spider, a pharaoh ant, a jumping spider
(berserk) and 2 redbacks.

Vanquished Creatures
  A fire dragon (Lair:5)
  2 hydras
  A boulder beetle (Lair:4)
  7 death yaks
  3 two-headed ogres
  Sonja (Lair:1)
  Lodul (D:10)
  A lindwurm (Lair:5)
  A deep elf pyromancer (D:9)
  An ugly thing (D:11)
  8 black mambas
  An elephant (Lair:4)
  10 cane toads
  A torpor snail (Spider:1)
  2 molten gargoyles (Lair:5)
  10 komodo dragons
  An unseen horror (D:11)
  2 centaur skeletons (D:10)
  3 hellwings (D:10)
  A rime drake (Lair:3)
  A burning bush (Lair:5)
  2 trolls
  A polar bear (Lair:3)
  A hornet (D:9)
  A tarantella (Spider:1)
  6 blink frogs
  2 culicivoras
  Sigmund (D:3)
  A vampire (D:10)
  39 yaks
  6 basilisks
  2 wyverns
  3 steam dragons
  Menkaure (D:7)
  11 water moccasins
  4 hell hounds (Lair:5)
  3 orc warriors
  A sky beast (D:6)
  An ice beast (D:5)
  5 wolves
  9 ogres
  2 centaurs
  3 kobold brigands
  11 bullfrogs
  A scorpion (D:6)
  A gnoll sergeant (D:11)
  2 necrophages
  18 killer bees
  10 howler monkeys
  2 hounds
  2 jellies (D:6)
  5 lava snakes (Lair:5)
  2 gnoll boudas (D:5)
  4 orc priests
  3 iguanas
  Jessica (D:2)
  6 orc wizards
  8 gnolls
  16 adders
  3 white imps
  3 worms
  7 dart slugs
  17 orcs
  3 bats
  10 endoplasms
  2 giant cockroaches
  5 goblins
  6 hobgoblins
  21 kobolds
  10 quokkas
  15 ball pythons
  A frilled lizard (D:2)
  5 rats
364 creatures vanquished.

Vanquished Creatures (others)
  A yak (D:9)
  10 fungi
  10 plants
21 creatures vanquished.

Grand Total: 385 creatures vanquished

Notes
Turn   | Place    | Note
-------+----------+-------------------------------------------
     0 | D:1      | groovy9 the Troll Fighter began the quest for the Orb.
     0 | D:1      | Reached XP level 1. HP: 22/22 MP: 0/0
    61 | D:1      | Reached XP level 2. HP: 28/29 MP: 1/1
   124 | D:1      | Reached skill level 1 in Throwing
   182 | D:1      | Found Jejag's Antique Weapon Boutique.
   193 | D:1      | Reached skill level 3 in Unarmed Combat
   223 | D:1      | Found a faded altar of an unknown god.
   347 | D:1      | Reached XP level 3. HP: 36/36 MP: 2/2
   841 | D:2      | Noticed Jessica
   852 | D:2      | Killed Jessica
   853 | D:2      | Reached XP level 4. HP: 31/44 MP: 3/3
  1061 | D:2      | Reached skill level 4 in Unarmed Combat
  1458 | D:3      | Reached XP level 5. HP: 50/50 MP: 4/4
  1573 | D:3      | Found Ciruvi's Jewellery Shop.
  1700 | D:3      | Found Jecw's Weapon Emporium.
  1849 | D:3      | Noticed Sigmund
  1865 | D:3      | Killed Sigmund
  1866 | D:3      | Reached skill level 5 in Unarmed Combat
  1866 | D:3      | Reached XP level 6. HP: 55/59 MP: 5/5
  1967 | D:3      | Found Zanluas's Magic Scroll Emporium.
  1969 | D:3      | Found Atsiasiar's Distillery.
  2004 | D:3      | Found Siphu's Weapon Boutique.
  2370 | D:4      | Reached skill level 6 in Unarmed Combat
  2486 | D:4      | Reached XP level 7. HP: 41/66 MP: 6/6
  2967 | D:5      | Entered Level 5 of the Dungeon
  3167 | D:5      | Reached skill level 7 in Unarmed Combat
  3825 | D:6      | Reached skill level 8 in Unarmed Combat
  3825 | D:6      | Reached XP level 8. HP: 42/74 MP: 7/7
  3904 | D:6      | Reached skill level 5 in Throwing
  4131 | D:6      | Reached skill level 9 in Unarmed Combat
  4427 | D:7      | Noticed Menkaure
  4431 | D:7      | Killed Menkaure
  4486 | D:7      | Reached XP level 9. HP: 31/80 MP: 8/8
  4496 | D:7      | Reached skill level 10 in Unarmed Combat
  4612 | D:7      | Found a staircase to the Ecumenical Temple.
  4625 | Temple   | Entered the Ecumenical Temple
  4705 | Temple   | Became a worshipper of the Wu Jian Council
  5266 | D:8      | Identified the +1 pair of boots "Bipsij Vigal" {Dex+6}
  5331 | D:8      | Found Izoaj's Elemental Accessories.
  5633 | D:8      | Reached skill level 11 in Unarmed Combat
  5757 | D:8      | Noticed an obsidian statue
  5882 | D:9      | Noticed a deep elf pyromancer
  6012 | D:9      | Reached * piety under Wu Jian
  6253 | D:9      | Noticed a death yak
  6408 | D:9      | Noticed a death yak
  6408 | D:9      | Noticed a death yak
  6416 | D:9      | Killed a deep elf pyromancer
  6417 | D:9      | Reached skill level 12 in Unarmed Combat
  6417 | D:9      | Reached XP level 10. HP: 76/88 MP: 9/9
  6424 | D:9      | Killed a death yak
  6435 | D:9      | Killed a death yak
  6439 | D:9      | Killed a death yak
  6440 | D:9      | Reached skill level 13 in Unarmed Combat
  6573 | D:9      | Found a staircase to the Lair.
  6605 | D:9      | Identified the +2 mace of Xom's Supremacy {speed, *Slow
                  | rPois rCorr}
  6620 | D:9      | Paralysed by a hornet for 1 turns
  6745 | D:9      | Reached XP level 11. HP: 92/94 MP: 10/10
  6755 | D:9      | Learned a level 4 spell: Petrify
  6820 | D:9      | Reached ** piety under Wu Jian
  6838 | D:9      | Reached skill level 1 in Earth Magic
  7351 | D:10     | Entered Level 10 of the Dungeon
  7369 | D:10     | Found a basalt altar of Yredelemnul.
  7374 | D:10     | Found a bloodstained altar of Trog.
  7473 | D:10     | Identified the +0 pair of gloves of the Louse {Int-4 Dex+7}
  7541 | D:10     | Reached skill level 1 in Transmutations
  7567 | D:10     | Reached skill level 1 in Spellcasting
  7567 | D:10     | Noticed Lodul
  7586 | D:10     | Killed Lodul
  7732 | D:10     | Found a stormy altar of Qazlal.
  7755 | D:10     | Noticed a two-headed ogre
  7770 | D:10     | Killed a two-headed ogre
  8137 | D:10     | Found the +4 Cigotuvi's embrace {rMiasma Drain rN+}
  8304 | D:11     | Learned a level 2 spell: Wereblood
  8540 | D:11     | Noticed a two-headed ogre
  8541 | D:11     | Noticed a cyan ugly thing
  8551 | D:11     | Killed a two-headed ogre
  8558 | D:11     | Killed a cyan ugly thing
  8619 | D:11     | Noticed a two-headed ogre
  8627 | D:11     | Killed a two-headed ogre
  8739 | D:11     | Found a portal to a secret trove of treasure.
  9170 | Lair:1   | Entered Level 1 of the Lair of Beasts
  9279 | Lair:1   | Reached skill level 5 in Earth Magic
  9586 | Lair:1   | Reached XP level 12. HP: 104/104 MP: 16/16
  9796 | Lair:1   | Noticed Sonja
  9805 | Lair:1   | Killed Sonja
 10238 | Lair:1   | Reached *** piety under Wu Jian
 10259 | Lair:2   | Reached skill level 5 in Transmutations
 10443 | Lair:2   | Found a dark tunnel.
 10594 | Lair:2   | Learned a level 6 spell: Statue Form
 10673 | Lair:2   | You fall into a shaft and drop 1 floor!
 10725 | Lair:3   | Noticed an eight-headed hydra
 10733 | Lair:3   | Killed a ten-headed hydra
 10759 | Lair:3   | Found a staircase to the Shoals.
 11012 | D:3      | Bought the +8 hand axe of Gaala {spect, rC- rCorr MP+9
                  | Str+7} for 1127 gold pieces
 11189 | D:11     | You paid a toll of the hand axe of Gaala to enter a
                  | treasure trove
 11190 | Trove    | Entered a treasure trove
 11202 | Trove    | Identified the ring "Noeg" {Contam rCorr Int+9}
 11204 | Trove    | Identified the ring "Yxzoempo" {rPois rF+ Str+6}
 11206 | Trove    | Identified the ring "Susecaot" {Ice Fly rPois rN+ Dex+2}
 11208 | Trove    | Identified the ring of Moderation {Str+4 Dex+6}
 11210 | Trove    | Identified the ring "Xoateor" {Str+3 Int+6}
 11214 | Trove    | Identified the ring "Xiro" {Fire Will- Int+5}
 11219 | Trove    | Identified the ring "Capoonuv" {rElec Will- rCorr Slay+2
                  | SInv}
 11227 | Trove    | Identified the amulet "Cussil" {Acrobat rF- rCorr Dex+6}
 11229 | Trove    | Identified the ring of Agnosticism {Ice Fly}
 11467 | Lair:3   | Noticed ragingrage's ghost (journeyman MiBe)
 11469 | Lair:3   | Found a transporter.
 11493 | Lair:3   | Found a transporter.
 11566 | Lair:3   | Found a hole to the Spider Nest.
 12165 | Lair:4   | Noticed a six-headed hydra
 12176 | Lair:4   | Killed a seven-headed hydra
 12660 | Lair:5   | Entered Level 5 of the Lair of Beasts
 12660 | Lair:5   | Noticed a boulder beetle
 12691 | Lair:4   | Killed a boulder beetle
 12714 | Lair:5   | Reached skill level 5 in Shields
 12714 | Lair:5   | Reached XP level 13. HP: 78/110 MP: 18/18
 12897 | Lair:5   | Reached **** piety under Wu Jian
 13312 | Lair:5   | Found a large runed translucent door.
 13312 | Lair:5   | Found a large runed translucent door.
 13314 | Lair:5   | Noticed a fire dragon
 13553 | Lair:5   | Killed a fire dragon
 13876 | Lair:5   | Reached ***** piety under Wu Jian
 13939 | Lair:5   | Identified the +8 quarterstaff of Irrepressible Laughter
                  | {vorpal, rC+ Dex+3}
 13951 | Lair:5   | Found a staircase to the Slime Pits.
 13952 | Lair:5   | Found a viscous altar of Jiyva.
 14523 | Spider:1 | Entered Level 1 of the Spider Nest
 14566 | Spider:1 | Noticed an entropy weaver
 14586 | Spider:1 | HP: 6/165 [jumping spider (4)]
 14586 | Spider:1 | Slain by a moth of wrath

Illustrated notes

Levels and vault maps discovered:
D:1:      scummos_arrival_gate, layout_basic,
          ebering_ecumenical_altar_sacrificial, serial_shops, shop,
          minmay_misc_feat_secret_circle
D:2:      layout_loops_ring, minmay_pentomino_r4, uniq_jessica
D:3:      layout_loops_cross, serial_shops,
          nicolae_shop_temple_entry_statues_fountains, shop,
          nicolae_square_shop, nicolae_shop_bloodbath_and_beyond,
          nicolae_shop_behind_doors, minmay_snake_closets, uniq_sigmund
D:4:      layout_loops_ring
D:5:      layout_basic, kennysheep_small_spiral
D:6:      layout_basic, minmay_misc_feat_diagonals, skrybe_limestone_x
D:7:      layout_cave_pools, minmay_temple_entry_glassed_door, uniq_menkaure
D:8:      minmay_statue_hallways, layout_rooms, nicolae_elemental_shop
D:9:      layout_gridville, dpeg_lair_monsters, kennysheep_cross_room
D:10:     layout_basic, chequers_temple_overflow_statue_of_worship,
          nicolae_qazlal_scattered_showers, abandoned_shop,
          hellmonk_guarded_unrand_cigotuvi, uniq_lodul
D:11:     layout_basic, serial_rivers, chequers_serial_rivers_micro_c,
          chequers_serial_rivers_micro_c, chequers_serial_rivers_micro_a,
          chequers_serial_rivers_small_a, nicolae_trove_entry_diagonal
Temple:   compressed_dpeg_triangle_lava_temple
Lair:1:   layout_hall_layers, uniq_sonja
Lair:2:   layout_misc_corridors, nicolae_volcano_entry_hallway
Lair:3:   layout_roguey, shoals_dummy_entry,
          hellmonk_spider_entry_life_and_decay, gammafunk_ghost_arena
Lair:4:   layout_long_grid, chequers_serial_rivers_small_b, st_stairs_5,
          serial_bayou_shore_b
Lair:5:   cheibrodos_lair_end_hotspot, layout_long_grid, slime_entry_1,
          evilmike_ambush [evilmike_ambush_outer_corners,
          evilmike_ambush_inner_basic]
Spider:1: layout_spider_delve, nicolae_spider_webbed_stairs

Skill      XL: |  1  2  3  4  5  6  7  8  9 10 11 12 13 |
---------------+----------------------------------------+-----
Throwing       | 1 2 3 4 6 7 9 |  9.0
Unarmed Combat | 3 4 5 6 8 9 12 13 | 13.9
Earth Magic    | 5 7 8 |  8.9
Transmutations | 4 6 7 |  7.4
Spellcasting   | 3 4 |  4.0
Shields        | 5 7 |  7.7
Fighting       | |  2.4
Dodging        | |  2.5

Action                   |  1- 3 |  4- 6 |  7- 9 | 10-12 | 13-15 || total
-------------------------+-------+-------+-------+-------+-------++-------
Melee: Unarmed           |    73 |   146 |   363 |   524 |   221 ||  1327
Throw: Boomerang         |       |       |    33 |    52 |    11 ||    96
       Dart              |       |       |       |     1 |       ||     1
       Javelin           |       |       |       |       |     2 ||     2
 Cast: Wereblood         |       |       |       |     1 |       ||     1
Invok: Lunge             |       |       |     6 |    49 |    22 ||    77
       Whirlwind         |       |       |       |    65 |    18 ||    83
       Serpent's Lash    |       |       |       |     2 |       ||     2
       Heavenly Storm    |       |       |       |       |     1 ||     1
  Use: Scroll            |     4 |     8 |     4 |     8 |     3 ||    27
       Potion            |       |     1 |       |     4 |     1 ||     6
 Stab: Sleeping          |       |     1 |       |       |       ||     1
Armor: Robe              |    21 |    58 |   115 |    24 |       ||   218
       Skin              |       |       |       |   124 |       ||   124
       Troll leather arm |       |       |       |    57 |    14 ||    71
Dodge: Dodged            |    24 |    35 |    81 |   110 |    49 ||   299
Block: Kite shield       |    19 |    50 |   214 |   331 |    94 ||   708
       Reflection        |       |       |     4 |     5 |     3 ||    12
